 Dungeon Sprint DCSS version 0.27-a0-103-g6cd7b45605 (webtiles) character file.

Game seed: 1055770984643707630

17 mhtbhm the Grave Robber (level 2, -5/15 HPs)
             Began as a Deep Elf Necromancer on Jan 23, 2021.
             Slain by an ice beast (12 damage)
             ... in the Dungeon (Sprint IX: "|||||||||||||||||||||||||||||").
             The game lasted 00:01:21 (508 turns).

mhtbhm the Grave Robber (Deep Elf Necromancer)       Turns: 508, Time: 00:01:21

Health: -5/15      AC:  2    Str:  5    XL:     2   Next: 44%
Magic:  4/9        EV: 13    Int: 19    God:
Gold:   0          SH:  0    Dex: 15    Spells: 7/9 levels left

rFire    . . .     SeeInvis .   (no weapon)
rCold    . . .     Faith    .   (no shield)
rNeg     . . .     Spirit   .   a - +0 robe
rPois    .         Reflect  .   (no helmet)
rElec    .         Harm     .   (no cloak)
rCorr    .         Rampage  .   (no gloves)
Will     .....     NoTele   +   (no boots)
Stlth    ++........             (no amulet)
HPRegen  0.05/turn              (no ring)
MPRegen  0.11/turn              (no ring)

@: no status effects
A: no striking features
a: no special abilities


You were in the Dungeon.
You visited 1 branch

Inventory:

Armour
 a - a +0 robe (worn)
Potions
 e - a potion of haste
 f - 2 potions of magic
 g - a potion of berserk rage


   Skills:
 + Level 2.8 Dodging
 + Level 2.8 Stealth
 + Level 4.1 Spellcasting
 + Level 7.0 Necromancy


You had 7 spell levels left.
You knew the following spells:

 Your Spells              Type           Power        Failure   Level
a - Pain                  Necr           100%         1%          1
b - Animate Skeleton      Necr           60%          1%          1

Your spell library contained the following spells:

 Spells                   Type           Power        Failure   Level
 Vampiric Draining        Necr           15%          2%          3
 Animate Dead             Necr           15%          8%          4
 Agony                    Necr           30%          21%         5


Dungeon Overview and Level Annotations

Branches:
Dungeon (1/1)

Altars:


Message History

Aim: an ice beast (moderately wounded, chance to affect: 84%)
The ice beast writhes in agony!
The ice beast closely misses you.
Unknown command.
Casting: Pain (safe; 1% risk of failure)
Confirm with . or Enter, or press ? or * to list all spells.
Aiming: Pain (safe; 1% risk of failure)
Press: ? - help, Shift-Dir - straight line, f/p - ice beast
Aim: an ice beast (heavily wounded, chance to affect: 84%)
The ice beast writhes in agony!
The ice beast barely misses you.
Unknown command.
Unknown command.
Casting: Pain (safe; 1% risk of failure)
Confirm with . or Enter, or press ? or * to list all spells.
Aiming: Pain (safe; 1% risk of failure)
Press: ? - help, Shift-Dir - straight line, f/p - ice beast
Aim: an ice beast (severely wounded, chance to affect: 84%)
The ice beast writhes in agony.
The ice beast hits you. The ice beast freezes you!
Ouch! That really hurt!
You die... ▓▓▓▓▓▓▓▓▓▓▓▓▓▓▓▓▓▓ ▓<..§'Z†..5Y@....+ ▓▓▓▓▓▓▓▓▓▓▓▓▓▓▓▓▓▓

You could see an ice beast, an ufetubus and a jackal zombie.

Vanquished Creatures
  An adder (D)
  A leopard gecko (D)
  A bat (D)
  A giant cockroach (D)
  A hobgoblin (D)
  A jackal (D)
  A rat (D)
7 creatures vanquished.

Notes
Turn   | Place    | Note
-------+----------+-------------------------------------------
     0 | D        | mhtbhm the Deep Elf Necromancer began the quest for the
                  | Orb.
     0 | D        | Reached XP level 1. HP: 10/10 MP: 6/6
     5 | D        | Reached skill level 5 in Necromancy
    71 | D        | Reached skill level 6 in Necromancy
   303 | D        | Learned a level 1 spell: Animate Skeleton
   309 | D        | Noticed an ice beast
   328 | D        | Reached XP level 2. HP: 10/15 MP: 4/8
   331 | D        | Reached skill level 7 in Necromancy
   508 | D        | Slain by an ice beast

Illustrated notes

Levels and vault maps discovered:
D:        linesprint [early_d, line_temple, items_1, d_10, items_2, lair_1,
          lair_end, items_3, orc_1, orc_end, items_4, d_15, swamp_1, shoals_1,
          snake_1, spider_1, d_20, vaults_1, items_5, swamp_end, shoals_end,
          snake_end, spider_end, vaults_end, d_27, items_6, zot_1, zot_end,
          crypt_end, forest_end, elf_end, slime_end, tomb_end, abyss_end,
          pan_hell_end]

Skill      XL: |  1  2 |
---------------+-------+-----
Necromancy     | 6 7 |  7.0
Spellcasting   | 4 |  4.1
Dodging        | |  2.8
Stealth        | |  2.8

Action                   || total
-------------------------++-------
 Cast: Pain              ||    16
       Animate Skeleton  ||     2
  Use: Potion            ||     2
       Scroll            ||     1
Armor: Robe              ||     2
Dodge: Dodged            ||    11

Table legend: (Time is in decaauts)
 A = Elapsed time spent in this place.
 B = Non-inter-level travel time spent in this place.
 C = Inter-level travel time spent in this place.
 D = Time resting spent in this place.
 E = Time spent auto-exploring this place.
 F = Levels seen in this place.
 G = Mean time per level.
                   A        B        C        D        E       F      G
               +--------+--------+--------+--------+--------+-----+--------+
         Total |    508 |    508 |      0 |    453 |      3 |   1 |  508.0 |
       Dungeon |    508 |    508 |      0 |    453 |      3 |   1 |  508.0 |
               +--------+--------+--------+--------+--------+-----+--------+

Top non-repeatable levels by time:
       D: 508 daAuts
